 Dungeon Crawl Stone Soup version 0.28-a0-941-g140ffa10cf (webtiles) character file.

Game seed: 17145947840159458150

208 yoda5477 the Chopper (level 5, -1/49 HPs)
             Began as a Naga Fighter on Nov 29, 2021.
             Was an Initiate of Dithmenos.
             Engulfed by a steam dragon's steam (3 damage)
             ... on level 4 of the Dungeon.
             The game lasted 00:19:52 (3660 turns).

yoda5477 the Chopper (Naga Fighter)                 Turns: 3660, Time: 00:19:53

Health: -1/49      AC:  6    Str: 19    XL:     5   Next: 86%
Magic:  5/5        EV:  7    Int:  8    God:    Dithmenos [......]
Gold:   78         SH:  4    Dex: 11    Spells: 4/4 levels left

rFire   . . .      SeeInvis +   a - +1 war axe
rCold   . . .      Faith    .   c - +0 buckler
rNeg    . . .      Spirit   .   b - +1 scale mail
rPois   +          Reflect  .   (no helmet)
rElec   .          Harm     .   (no cloak)
rCorr   .          Rampage  .   (no gloves)
Will    .....                   (no barding)
Stlth   +.........              (no amulet)
HPRegen 0.16/turn               (no ring)
MPRegen 0.09/turn               (no ring)

@: very slow
A: AC +1, large, see invisible, deformed body, poison resistance, slowness 2,
spit poison 1, naga tail 1
a: Spit Poison, Renounce Religion


You were on level 4 of the Dungeon.
You worshipped Dithmenos.
Dithmenos was noncommittal.
You visited 1 branch of the dungeon, and saw 4 of its levels.

You collected 78 gold pieces.

Inventory:

Hand Weapons
 a - a +1 war axe (weapon)
 e - a +0 short sword
 g - a +0 whip
 k - a +0 hunting sling
 l - a +0 trident
Missiles
 h - 136 stones (quivered)
 q - 16 poisoned darts
Armour
 b - a +1 scale mail (worn)
 c - a +0 buckler (worn)
Magical Staves
 d - a staff of air
Scrolls
 i - 2 scrolls of identify
 r - 2 scrolls of torment
 s - 2 scrolls of amnesia
Potions
 f - a potion of invisibility
 j - a potion of degeneration {unknown}
 m - a potion of haste {unknown}
 n - a potion of mutation {unknown}
 o - a potion of curing {unknown}
 p - a potion of heal wounds {unknown}


   Skills:
 - Level 3.0 Fighting
 * Level 4.4 Axes
 + Level 3.3 Armour
 * Level 2.7 Stealth
 - Level 2.8 Shields


You had 4 spell levels left.
You didn't know any spells.
Your spell library contained the following spells:

 Spells                   Type           Power      Damage    Failure   Level
 Ozocubu's Armour         Ice            0%         N/A       98%         3
 Ozocubu's Refrigeration  Ice            0%         4d5       100%        7


Dungeon Overview and Level Annotations

Branches:
Dungeon (4/15)
 Temple: D:4-7

Altars:
Dithmenos

Shops:
D:2 [

Annotations:
D:3 exclusion: downstairs


Innate Abilities, Weirdness & Mutations

Your serpentine skin is tough. (AC +1)
You have supernaturally acute eyesight. (SInv)
Armour fits poorly on your strangely shaped body.
Your system is resistant to poisons. (rPois)
You cover ground very slowly.
You can spit poison.
You have a snake-like lower body.


Message History

Item here: a +0 hunting sling.
A stone staircase leading down.
Placed new exclusion.
Reduced exclusion size to a single square.
There is a stone staircase leading down here.
You climb downwards.
There is a stone staircase leading up here.
n - a murky emerald potion A hobgoblin comes into view.
You slash the hobgoblin!
You kill the hobgoblin!
Dithmenos accepts your kill.
No target in view!
You see here a hobgoblin corpse.
A steam dragon comes into view.
The steam dragon barely misses you. The steam dragon claws you.
Press: ? - help, v - describe, . - travel
Here: a steam dragon The floor.
You barely miss the steam dragon. The steam dragon bites you.
The steam dragon barely misses you.
You closely miss the steam dragon. The steam dragon breathes steam at you.
The ball of steam hits you!
You are engulfed in a cloud of scalding steam.
The steam dragon bites you but does no damage.
The steam dragon claws you but does no damage.
You closely miss the steam dragon. The steam dragon breathes steam at you.
The ball of steam hits you!!
* * * LOW HITPOINT WARNING * * *
You slash the steam dragon!
The steam dragon is moderately wounded.
You are engulfed in a cloud of scalding steam.
The steam dragon completely misses you. You block the steam dragon's attack. x2
The steam dragon claws you but does no damage.
You closely miss the steam dragon.
The steam dragon is moderately wounded.
You are engulfed in a cloud of scalding steam.
You die...

#....#...#
#.......#
###....#...#
#.......
#....###...#
###.....#
#..........#
......
#..^.###...#
###### #†..#
... #.###
#.##.#
#..D@#
######


You could see a steam dragon (catching breath).

Vanquished Creatures
  A phantom (D:3)
  5 adders
  A white imp (D:3)
  2 worms (D:2)
  4 dart slugs
  A ball python (D:2)
  6 bats
  9 endoplasms
  4 giant cockroaches
  4 hobgoblins
  3 jackals (D:1)
  4 kobolds
  A quokka (D:1)
  3 frilled lizards
  10 goblins
  5 rats
63 creatures vanquished.

Vanquished Creatures (others)
  2 demonic plants (D:1)
2 creatures vanquished.

Grand Total: 65 creatures vanquished

Notes
Turn   | Place    | Note
-------+----------+-------------------------------------------
     0 | D:1      | yoda5477 the Naga Fighter began the quest for the Orb.
     0 | D:1      | Reached XP level 1. HP: 21/21 MP: 1/1
   157 | D:1      | Reached XP level 2. HP: 25/28 MP: 2/2
   480 | D:1      | Reached XP level 3. HP: 33/34 MP: 3/3
   488 | D:1      | Found Ciogh's Jewellery Shoppe.
   560 | D:1      | Found a faded altar of an unknown god.
   560 | D:1      | Noticed a hell beast
  1200 | D:1      | Reached skill level 1 in Stealth
  1522 | D:2      | Reached skill level 3 in Axes
  1863 | D:2      | Reached XP level 4. HP: 39/42 MP: 4/4
  2173 | D:2      | Found Pozxaod's Armour Shoppe.
  2946 | D:3      | Found a shadowy altar of Dithmenos.
  2955 | D:3      | Became a worshipper of Dithmenos the Shadowed
  2960 | D:3      | Noticed a phantom
  2963 | D:3      | Reached XP level 5. HP: 41/49 MP: 5/5
  2978 | D:3      | Killed a phantom
  2979 | D:3      | Reached skill level 4 in Axes
  3502 | D:4      | Noticed an ogre
  3653 | D:4      | Noticed a steam dragon
  3658 | D:4      | HP: 2/49 [steam dragon/ball of steam (21)]
  3660 | D:4      | Engulfed by a steam dragon's steam

Illustrated notes

Levels and vault maps discovered:
D:1:      nicolae_arrival_memento_mori, layout_basic, serial_shops,
          nicolae_shop_waterfront, dreamdust_ecumenical_altar_sealed_demon,
          bh_walls_and_bars
D:2:      layout_loops_ring, serial_shops, nicolae_shop_statue_plus
D:3:      layout_basic, nicolae_dithmenos_shadow_blocks
D:4:      gammafunk_steamed_eel, layout_basic,
          mainiacjoe_overflow_surrounded_room

Skill      XL: |  1  2  3  4  5 |
---------------+----------------+-----
Stealth        | 1 2 |  2.7
Axes           | 3 4 |  4.4
Armour         | 3 |  3.3
Fighting       | |  3.0
Shields        | |  2.8

Action                   |  1- 3 |  4- 6 || total
-------------------------+-------+-------++-------
Melee: War axe           |   130 |    81 ||   211
Throw: Stone             |     5 |     1 ||     6
 Abil: Spit Poison       |     1 |       ||     1
  Use: Scroll            |       |     5 ||     5
       Potion            |       |     1 ||     1
Armor: Scale mail        |    56 |    51 ||   107
Dodge: Dodged            |    47 |    23 ||    70
Block: Buckler           |    16 |    22 ||    38

Table legend: (Time is in decaauts)
 A = Elapsed time spent in this place.
 B = Non-inter-level travel time spent in this place.
 C = Inter-level travel time spent in this place.
 D = Time resting spent in this place.
 E = Time spent auto-exploring this place.
 F = Levels seen in this place.
 G = Mean time per level.
                   A        B        C        D        E       F      G
               +--------+--------+--------+--------+--------+-----+--------+
         Total |   4583 |   4456 |    127 |   1086 |   1981 |   4 | 1145.8 |
       Dungeon |   4583 |   4456 |    127 |   1086 |   1981 |   4 | 1145.8 |
               +--------+--------+--------+--------+--------+-----+--------+

Top non-repeatable levels by time:
     D:1: 1692 daAuts
     D:3: 1563 daAuts
     D:2: 1204 daAuts
     D:4: 123 daAuts
